 Dungeon Crawl Stone Soup version 0.30-a0-639-g3916f1956a (webtiles) character file.

Game seed: 6649968500327028528

2581 acebull12 the Cleaver (level 9, -5/68 HPs)
             Began as a Formicid Fighter on Jan 17, 2023.
             Was a Believer of Okawaru.
             Killed from afar by Maggie (9 damage)
             ... with a bolt of fire
             ... on level 8 of the Dungeon.
             The game lasted 00:22:38 (8983 turns).

acebull12 the Cleaver (Formicid Fighter)            Turns: 8983, Time: 00:22:39

Health: -5/68      AC: 15    Str: 30    XL:     9   Next: 88%
Magic:  9/9        EV:  9    Int: 18    God:    Okawaru [**....]
Gold:   570        SH:  5    Dex: 13    Spells: 4/8 levels left

rFire   + . .      SeeInvis +    G - +6 hand axe of Guilt {pain, rPois Str+5 Int+4}
rCold   . . .      Faith    .    c - +0 buckler
rNeg    . . .      Spirit   .    f - +2 chain mail {rF+}
rPois   +          Reflect  .    (helmet unavailable)
rElec   .          Harm     .    I - +0 cloak
rCorr   .          Rampage  .    (no gloves)
Will    .....                    B - +0 pair of boots Stlth
                                 H - amulet of magic regeneration
HPRegen 0.31/turn                t - ring of poison resistance
MPRegen 0.51/turn                u - +6 ring of intelligence

@: mesmerised, studying Short Blades
A: permanent stasis, dig shafts and tunnels, antennae 3, four strong arms
a: Dig, Shaft Self, Renounce Religion, Heroism


You were on level 8 of the Dungeon.
You worshipped Okawaru.
Okawaru was pleased with you.
You visited 1 branch of the dungeon, and saw 8 of its levels.
You also visited: Sewer.

You collected 570 gold pieces.

Inventory:

Hand Weapons
 a - a +0 war axe
 G - the +6 hand axe of Guilt (weapon) {pain, rPois Str+5 Int+4}
   (You found it on level 6 of the Dungeon)

   Str:       It affects your strength (+5).
   Int:       It affects your intelligence (+4).
   rPois:     It protects you from poison.
Missiles
 e - 85 stones
 p - 6 boomerangs
 v - 2 javelins
Armour
 c - a +0 buckler (worn)
 f - a +2 chain mail of fire resistance (worn)
 B - a +0 pair of boots (worn)
 I - a +0 cloak (worn)
Jewellery
 t - a ring of poison resistance (left hand)
 u - a +6 ring of intelligence (right hand)
 y - a ring of wizardry
 H - an amulet of magic regeneration (around neck)
Wands
 A - a wand of flame (6)
 E - a wand of polymorph (11)
Scrolls
 b - 2 scrolls of butterflies
 h - a scroll of amnesia {unknown}
 i - a scroll of fear {unknown}
 k - 2 scrolls of identify
 n - a scroll of silence {unknown}
 o - a scroll of magic mapping {unknown}
 D - a scroll of fog
Potions
 d - 3 potions of might
 g - 3 potions of heal wounds
 j - 2 potions of invisibility
 l - 2 potions of cancellation {unknown}
 m - a potion of brilliance {unknown}
 q - a potion of magic {unknown}
 r - a potion of haste {unknown}
 s - 3 potions of flight
 x - a potion of mutation {unknown}
 z - 3 potions of resistance
 C - a potion of attraction {unknown}
 F - 2 potions of curing


   Skills:
 + Level 5.0 Fighting
 * Level 9.6 Axes
 - Level 7.0 Armour
 + Level 2.1 Dodging
 + Level 1.6 Stealth
 - Level 7.0 Shields
 * Level 0.1 Spellcasting
 * Level 0.1 Transmutations
 * Level 0.2 Earth Magic


You had 4 spell levels left.
You knew the following spells:

 Your Spells              Type           Power      Damage    Failure   Level
a - Petrify               Tmut/Erth      0%         N/A       100%        4

Your spell library contained the following spells:

 Spells                   Type           Power      Damage    Failure   Level
 Beastly Appendage        Tmut           0%         N/A       73%         1
 Freeze                   Ice            0%         1d3       75%         1
 Wereblood                Tmut           0%         N/A       86%         2
 Cigotuvi's Dreadful Rot  Necr/Pois/Air  0%         N/A       87%         2
 Ensorcelled Hibernation  Hex/Ice        0%         N/A       87%         2
 Lesser Beckoning         Tloc           0%         N/A       87%         2
 Momentum Strike          Conj/Tloc      0%         3d8       87%         2
 Gell's Gravitas          Tloc           0%         N/A       98%         3
 Hailstorm                Conj/Ice       0%         3d3       98%         3
 Ozocubu's Armour         Ice            0%         N/A       98%         3
 Spider Form              Tmut/Pois      0%         N/A       98%         3
 Teleport Other           Tloc           0%         N/A       98%         3
 Anguish                  Hex/Necr       0%         N/A       100%        4
 Dispel Undead            Necr           0%         3d6       100%        4
 Blink                    Tloc           Unusable   N/A       N/A         2
 Death Channel            Necr           Unusable   N/A       N/A         6

Dungeon Overview and Level Annotations

Branches:
Dungeon (8/15)             Temple (0/1) D:6           Sewer (visited)
   Lair: D:8-11

Altars:
Ashenzari
Gozag
Kikubaaqudgha
Nemelex Xobeh
Okawaru
Ru
Trog
Vehumet
Zin

Shops:
D:4 *

Annotations:
D:1 1 transporter
D:2 exclusion: 2 upstairs
D:3 exclusion: 2 upstairs
D:4 1 runed translucent door, exclusion: 2 upstairs, Crazy Yiuf
D:5 1 transporter, exclusion: 2 upstairs
D:7 3 runed translucent doors, rogsnak's ghost, novice TeAE
D:8 Maggie


Innate Abilities, Weirdness & Mutations

You cannot be hasted, slowed, berserked, paralysed or teleported.
You can dig through walls and to a lower floor.
You have a pair of large antennae on your head. (SInv)
Your four strong arms can wield two-handed weapons with a shield.


Message History

You kill the kobold brigand!
Okawaru accepts your kill.
Maggie points at you and mumbles some strange words.
The bolt of fire hits you. You resist.
Items here: ( )) †.
You hit Maggie but do no damage.
Maggie hits you with a +2 heavy halberd!
You are too injured to fight recklessly!
You are too injured to fight recklessly!
You slash Maggie!
Maggie is moderately wounded.
You block Maggie's attack.
You hit Maggie.
Maggie is moderately wounded.
You slash Maggie!
Maggie is heavily wounded.
Maggie casts a spell.
Maggie attempts to bespell you!
You are mesmerised by Maggie!
You slash Maggie!
Maggie is heavily wounded.
Maggie hits you but does no damage.
You closely miss Maggie.
Maggie is heavily wounded.
You hit Maggie.
Maggie is heavily wounded.
Maggie gestures at you while chanting. The bolt of fire hits you! You resist.
* * * LOW HITPOINT WARNING * * *
You closely miss Maggie.
Maggie is heavily wounded.
Maggie hits you with a +2 heavy halberd!
* * * LOW HITPOINT WARNING * * *
You hit Maggie.
Maggie is severely wounded.
You slash Maggie!
Maggie is severely wounded.
Maggie gestures at you while chanting. The bolt of fire hits you! You resist.
You die...

....<.....+
........###....... '#
.................. #'#
.................####...
.....##.................
.###.# .................
. ..#######.....#......
####...........@......
.............)@.......
..............).......
............?.).....>.
...................###
...................#
#######'###........# #.#
#........# #.#
#........# #.#
#........#


You could see Maggie (mesmerising).

Vanquished Creatures
  2 water moccasins (D:5)
  An orc warrior (D:7)
  A sky beast (D:6)
  3 black bears (D:6)
  An ogre (D:5)
  3 kobold brigands
  A necrophage (D:7)
  Blork the orc (D:4)
  2 bullfrogs
  3 scorpions
  5 killer bees (D:7)
  2 howler monkeys (D:6)
  4 quasits (D:5)
  A gnoll bouda (D:6)
  An orc priest (D:7)
  6 hounds
  An iguana (D:7)
  Jessica (D:3)
  3 orc wizards (D:7)
  A merfolk siren (Sewer)
  A merfolk avatar (Sewer)
  10 gnolls
  3 river rats (Sewer)
  8 adders
  A white imp (D:6)
  5 worms
  5 dart slugs
  14 orcs
  4 endoplasms
  4 giant cockroaches
  4 goblins
  4 hobgoblins
  6 jackals
  4 quokkas
  11 ball pythons
  6 bats
  10 frilled lizards
  22 kobolds
  27 rats
192 creatures vanquished.

Notes
Turn   | Place    | Note
-------+----------+-------------------------------------------
     0 | D:1      | acebull12 the Formicid Fighter began the quest for the Orb.
     0 | D:1      | Reached XP level 1. HP: 18/18 MP: 1/1
   219 | D:1      | Reached XP level 2. HP: 24/24 MP: 2/2
  1406 | D:2      | Reached XP level 3. HP: 29/29 MP: 3/3
  1601 | D:2      | Got the Tome of the Hyperborean Ground
  1612 | D:2      | Reached XP level 4. HP: 35/35 MP: 4/4
  1890 | D:2      | Reached skill level 3 in Axes
  2130 | D:3      | Noticed Jessica
  2138 | D:3      | Killed Jessica
  2139 | D:3      | Reached XP level 5. HP: 26/33 MP: 5/5
  2248 | D:3      | Found a bloodstained altar of Trog.
  2674 | D:4      | Found a broken altar of Ashenzari.
  2686 | D:4      | Reached skill level 4 in Axes
  2727 | D:4      | Found Gozag's Platinum Reserve.
  2734 | D:4      | Found an opulent altar of Gozag.
  2771 | D:4      | Reached skill level 5 in Shields
  2771 | D:4      | Reached XP level 6. HP: 38/48 MP: 6/6
  3069 | D:4      | Found a sacrificial altar of Ru.
  3170 | D:4      | Found a runed translucent door.
  3214 | D:4      | Noticed Crazy Yiuf
  3416 | D:4      | Noticed Blork the orc
  3428 | D:4      | Killed Blork the orc
  3429 | D:4      | Reached skill level 1 in Dodging
  3914 | D:5      | Entered Level 5 of the Dungeon
  4030 | D:5      | Noticed a water moccasin
  4035 | D:5      | Killed a water moccasin
  4036 | D:5      | Reached skill level 5 in Axes
  4036 | D:5      | Reached XP level 7. HP: 47/54 MP: 7/7
  4147 | D:5      | Noticed a water moccasin
  4157 | D:5      | Killed a water moccasin
  4181 | D:5      | Found a glowing silver altar of Zin.
  4478 | D:5      | Found a sparkling altar of Nemelex Xobeh.
  4478 | D:5      | Found a transporter.
  4479 | D:5      | Noticed a hornet
  4480 | D:5      | Noticed a komodo dragon
  4510 | D:5      | Found a glowing drain.
  4519 | Sewer    | Entered a sewer
  4577 | Sewer    | Reached skill level 5 in Armour
  4710 | Sewer    | Reached skill level 6 in Axes
  5220 | D:5      | Reached XP level 8. HP: 59/60 MP: 8/8
  5703 | D:5      | Found a radiant altar of Vehumet.
  5812 | D:5      | Found an ancient bone altar of Kikubaaqudgha.
  5816 | D:5      | Found an iron altar of Okawaru.
  5823 | D:5      | Became a worshipper of Warmaster Okawaru
  6238 | D:6      | Reached skill level 1 in Stealth
  6248 | D:6      | Reached skill level 7 in Axes
  6508 | D:6      | Reached * piety under Okawaru
  6722 | D:6      | Reached XP level 9. HP: 52/66 MP: 9/9
  7116 | D:6      | Reached skill level 8 in Axes
  7136 | D:6      | Identified the +1 rapier of the Transmuting Oracle {heavy,
                  | rCorr}
  7168 | D:6      | Identified the +6 hand axe of Guilt {pain, rPois Str+5
                  | Int+4}
  7277 | D:6      | Found a staircase to the Ecumenical Temple.
  7929 | D:7      | Reached ** piety under Okawaru
  8201 | D:7      | Reached skill level 9 in Axes
  8327 | D:7      | Reached skill level 5 in Fighting
  8590 | D:7      | Found a runed translucent gate.
  8590 | D:7      | Found a runed translucent gate.
  8592 | D:7      | Found a runed translucent gate.
  8592 | D:7      | Noticed rogsnak's ghost (novice TeAE)
  8793 | D:7      | Learned a level 4 spell: Petrify
  8830 | D:8      | Noticed Maggie
  8983 | D:8      | Killed from afar by Maggie

Illustrated notes

Levels and vault maps discovered:
D:1:      spicycebolla_arrival_risky_transporter, layout_basic,
          roderic_serpentine_path, item_on_display_a
D:2:      layout_basic, eino_tiny_chamber
D:3:      layout_rooms, lemuel_crystal_altar, serial_park_tiny_2, uniq_jessica
D:4:      layout_basic, mainiacjoe_overflow_paths,
          nicolae_gozag_zags_fifth_avenue, nicolae_overflow_crystal_walls,
          uniq_blork_the_orc, uniq_crazy_yiuf_cottage
D:5:      cheibrodos_quashed, layout_loops_cross, lemuel_doored_altar,
          grunt_nemelex_the_gamble, minitemple,
          mainiacjoe_overflow_small_starburst, cheibrodos_sewer_entry_bend
D:6:      nicolae_cairo_tiling_very_big, layout_cave_pods,
          minmay_temple_entry_poolview, due_unseen_surprise
D:7:      layout_cave_pods, gammafunk_ghost_split
D:8:      layout_basic, mainiacjoe_overflow_swirl, uniq_maggie

Skill      XL: |  1  2  3  4  5  6  7  8  9 |
---------------+----------------------------+-----
Axes           | 3 4 5 6 7 9 |  9.6
Armour         | 4 5 6 7 |  7.0
Shields        | 5 6 7 |  7.0
Dodging        | 1 2 |  2.1
Fighting       | 4 5 |  5.0
Stealth        | 1 |  1.6
Spellcasting   | |  0.1
Transmutations | |  0.1
Earth Magic    | |  0.2

Action                   |  1- 3 |  4- 6 |  7- 9 || total
-------------------------+-------+-------+-------++-------
Melee: War axe           |    95 |   137 |   314 ||   546
       Hand axe          |       |       |   109 ||   109
 Abil: Dig               |     2 |     5 |     6 ||    13
  Use: Scroll            |       |     1 |     9 ||    10
       Potion            |       |       |     3 ||     3
Armor: Chain mail        |    74 |    69 |   293 ||   436
       Scale mail        |     4 |       |       ||     4
Dodge: Dodged            |    39 |    48 |   221 ||   308
Block: Buckler           |    33 |    33 |   120 ||   186

Table legend: (Time is in decaauts)
 A = Elapsed time spent in this place.
 B = Non-inter-level travel time spent in this place.
 C = Inter-level travel time spent in this place.
 D = Time resting spent in this place.
 E = Time spent auto-exploring this place.
 F = Levels seen in this place.
 G = Mean time per level.
                   A        B        C        D        E       F      G
               +--------+--------+--------+--------+--------+-----+--------+
         Total |   9158 |   7975 |   1183 |    847 |   4963 |   9 | 1017.6 |
       Dungeon |   8602 |   7419 |   1183 |    747 |   4866 |   8 | 1075.2 |
         Sewer |    555 |    555 |      0 |    100 |     97 |   1 |  555.0 |
               +--------+--------+--------+--------+--------+-----+--------+

Top non-repeatable levels by time:
     D:4: 1660 daAuts
     D:5: 1552 daAuts
     D:1: 1340 daAuts
     D:6: 1291 daAuts
     D:7: 1230 daAuts
     D:2: 894 daAuts
   Sewer: 555 daAuts
     D:3: 544 daAuts
     D:8: 87 daAuts
